 Dungeon Crawl Stone Soup version 0.30-a0-782-ge64f9170bb (webtiles) character file.

Game seed: 330080725326191948

53 cheesebisquit the Digger (level 3, 0/19 HPs)
             Began as a Gargoyle Earth Elementalist on Feb 18, 2023.
             Killed from afar by a dart slug (3 damage)
             ... with a slug dart
             ... on level 2 of the Dungeon.
             The game lasted 00:01:51 (727 turns).

cheesebisquit the Digger (GrEE)                      Turns: 727, Time: 00:01:53

Health: 0/19       AC:  5    Str: 11    XL:     3   Next: 87%
Magic:  3/7        EV: 12    Int: 17    God:
Gold:   45         SH:  0    Dex: 10    Spells: 6/7 levels left

rFire   . . .      SeeInvis .    j - +0 club
rCold   . . .      Faith    .    (no shield)
rNeg    + . .      Spirit   .    a - +0 robe
rPois   ∞          Reflect  .    (no helmet)
rElec   +          Harm     .    (no cloak)
rCorr   .          Rampage  .    (no gloves)
Will    .....                    (no boots)
Stlth   ++                       (no amulet)
HPRegen 0.23/turn                (no ring)
MPRegen 0.10/turn                (no ring)

@: no status effects
A: sickness immunity, AC +3, negative energy resistance 1, electricity
resistance, torment resistance 1, petrification resistance
a: no special abilities


You were on level 2 of the Dungeon.
You visited 1 branch of the dungeon, and saw 2 of its levels.

You collected 45 gold pieces.

Inventory:

Hand Weapons
 j - a +0 club (weapon)
Armour
 a - a +0 robe (worn)
Scrolls
 e - a scroll of immolation {unknown}
Potions
 c - a potion of degeneration {unknown}
 d - 4 potions of curing {unknown}
 f - a potion of lignification {unknown}
 g - a potion of attraction {unknown}
 h - a potion of mutation {unknown}
 i - 2 potions of might {unknown}
 k - a potion of berserk rage {unknown}


   Skills:
 - Level 1.7 Dodging
 - Level 2.3 Stealth
 + Level 2.8 Spellcasting
 - Level 1.0 Transmutations
 + Level 4.6 Earth Magic


You had 6 spell levels left.
You knew the following spells:

 Your Spells              Type           Power      Damage    Failure   Level
a - Sandblast             Erth           36%        2d10      2%          1

Your spell library contained the following spells:

 Spells                   Type           Power      Damage    Failure   Level
 Passwall                 Tmut/Erth      9%         N/A       9%          2
 Kiss of Death            Conj/Necr      8%         2d6       19%         1
 Stone Arrow              Conj/Erth      20%        3d8       21%         3
 Poisonous Vapours        Pois/Air       4%         N/A       26%         2
 Confusing Touch          Hex            2%         N/A       47%         3
 Mephitic Cloud           Conj/Pois/Air  2%         N/A       47%         3
 Petrify                  Tmut/Erth      11%        N/A       50%         4
 Dispel Undead            Necr           2%         3d7       87%         4
 Cigotuvi's Dreadful Rot  Necr/Pois/Air  Unusable   N/A       N/A         2

Dungeon Overview and Level Annotations

Branches:
Dungeon (1/15)

Altars:

Annotations:
D:2 Sigmund


Innate Abilities, Weirdness & Mutations

You are immune to sickness and miasma.
Your stone body is resilient. (AC +3)
You are immune to poison.
You resist negative energy. (rN+)
You are resistant to electric shocks. (rElec)
You are resistant to unholy torment.
You are immune to petrification.


Message History

The blast of sand hits the jackal but does no damage.
The jackal barely misses you.
The jackal bites you but does no damage.
The blast of sand hits the jackal!
You kill the jackal!
The jackal misses you.
The blast of sand hits the jackal!
You kill the jackal!
The jackal bites you but does no damage.
The blast of sand misses the jackal.
The blast of sand hits the jackal.
You kill the jackal!
The jackal bites you but does no damage.
Something hits you. The jackal bites you. Magic courses through your body.
The jackal bites you but does no damage.
Something hits you.
The blast of sand hits the jackal.
The jackal is moderately wounded.
The jackal bites you but does no damage. x2
Something hits you but does no damage.
The blast of sand misses the jackal. x2
The jackal bites you but does no damage. x2
Something hits you.
The jackal bites you but does no damage.
The blast of sand hits the jackal!
You kill the jackal!
Something hits you!
Ouch! That really hurt!
* * * LOW HITPOINT WARNING * * *
The jackal misses you.
You are too injured to fight recklessly!
You are too injured to fight recklessly!
Aiming: Sandblast (safe; 2% risk of failure)
Press: ? - help, Q - select action Shift-Dir - straight line, f - jackal
Aim: a jackal (77% to hit)
The blast of sand hits the jackal!
You kill the jackal!
The dart slug launches a dart at you. The slug dart hits you.
You die...

#......######.## ###.####
#.# ## #.# #.# #. #.# #+#
#[ ####.# .?. #. #....#
.... #. #.##.##
.....#########
#.#...####......#.#.#...#
#.......@†w†....##.#..#..
#.......##......#.#†.###.
####.##.# .....##..##.##
####.# ....#..##...# #.#
...#........ #.#
+##..##...# #.# ##..##.##
#.# #.#.†###. #.#
##.#†.#..


You could see a dart slug.

Vanquished Creatures
  An iguana (D:2)
  A dart slug (D:2)
  3 endoplasms
  A hobgoblin (D:2)
  7 jackals (D:2)
  3 ball pythons (D:2)
  A bat (D:1)
  2 frilled lizards (D:1)
  3 goblins
  3 kobolds
  A rat (D:1)
26 creatures vanquished.

Notes
Turn   | Place    | Note
-------+----------+-------------------------------------------
     0 | D:1      | cheesebisquit the Gargoyle Earth Elementalist began the
                  | quest for the Orb.
     0 | D:1      | Reached XP level 1. HP: 10/10 MP: 3/3
   235 | D:1      | Reached skill level 1 in Transmutations
   235 | D:1      | Reached XP level 2. HP: 15/15 MP: 3/5
   321 | D:1      | You fall into a shaft and drop 1 floor!
   470 | D:2      | Reached skill level 4 in Earth Magic
   573 | D:2      | Reached XP level 3. HP: 17/19 MP: 2/7
   714 | D:2      | Noticed Sigmund
   727 | D:2      | Killed from afar by a dart slug

Illustrated notes

Levels and vault maps discovered:
D:1:      dpeg_arrival_stone_temple_mockup, layout_rooms,
          chequers_decorated_corner
D:2:      minmay_diamond_boxcup, layout_loops_corners, minmay_puff, uniq_sigmund

Skill      XL: |  1  2 |
---------------+-------+-----
Transmutations | 1 |  1.0
Earth Magic    | 4 |  4.6
Dodging        | |  1.7
Stealth        | |  2.3
Spellcasting   | |  2.8

Action                     || total
---------------------------++-------
   Cast: Sandblast         ||    39
    Use: Potion            ||     1
 Armour: Robe              ||    16
  Dodge: Dodged            ||    10

Table legend: (Time is in decaauts)
 A = Elapsed time spent in this place.
 B = Non-inter-level travel time spent in this place.
 C = Inter-level travel time spent in this place.
 D = Time resting spent in this place.
 E = Time spent auto-exploring this place.
 F = Levels seen in this place.
 G = Mean time per level.
                   A        B        C        D        E       F      G
               +--------+--------+--------+--------+--------+-----+--------+
         Total |    745 |    745 |      0 |      0 |    636 |   2 |  372.5 |
       Dungeon |    745 |    745 |      0 |      0 |    636 |   2 |  372.5 |
               +--------+--------+--------+--------+--------+-----+--------+

Top non-repeatable levels by time:
     D:2: 417 daAuts
     D:1: 328 daAuts
